 Dungeon Crawl Stone Soup version 0.29.1-2-gbd0b4ee654 (webtiles) character file.

Game seed: 1484519332689826749

37 Godmorgon the Trooper (level 3, -4/29 HPs)
             Began as a Formicid Abyssal Knight on Oct 27, 2022.
             Was a Priest of Lugonu.
             Slain by Terence
             ... wielding a +2 flail of protection
              (9 damage)
             ... on level 1 of the Dungeon.
             The game lasted 00:03:22 (1106 turns).

Godmorgon the Trooper (Formicid Abyssal Knight)     Turns: 1106, Time: 00:03:23

Health: -4/29      AC:  7    Str: 19    XL:     3   Next: 62%
Magic:  5/5        EV:  9    Int:  9    God:    Lugonu [***...]
Gold:   14         SH:  0    Dex: 14    Spells: 2/2 levels left

rFire   . . .      SeeInvis +   a - +1 mace
rCold   . . .      Faith    .   (no shield)
rNeg    . . .      Spirit   .   g - +0 scale mail
rPois   .          Reflect  .   (helmet unavailable)
rElec   .          Harm     .   (no cloak)
rCorr   .          Rampage  .   c - +0 pair of gloves
Will    .....                   (no boots)
Stlth   ..........              (no amulet)
HPRegen 0.09/turn               (no ring)
MPRegen 0.09/turn               (no ring)

@: no status effects
A: permanent stasis, dig shafts and tunnels, antennae 3, four strong arms
a: Dig, Shaft Self, Renounce Religion, Depart the Abyss, Bend Space, Banish


You were on level 1 of the Dungeon.
You worshipped Lugonu.
Lugonu was most pleased with you.
You visited 1 branch of the dungeon, and saw 2 of its levels.
You visited the Abyss 1 time.

You collected 14 gold pieces.

Inventory:

Hand Weapons
 a - a +1 mace (weapon)
Armour
 c - a +0 pair of gloves (worn)
 g - a +0 scale mail (worn)
Scrolls
 e - a scroll of summoning {unknown}
 f - a scroll of teleportation {unknown}
Potions
 b - a potion of haste {unknown}


   Skills:
 + Level 3.6 Fighting
 * Level 2.6 Maces & Flails
 * Level 1.4 Throwing
 - Level 2.1 Armour
 - Level 0.8 Dodging
 + Level 2.7 Invocations


You had 2 spell levels left.
You didn't know any spells.
Your spell library was empty.

Dungeon Overview and Level Annotations

Branches:
Dungeon (2/15)

Altars:

Annotations:
D:1 Terence


Innate Abilities, Weirdness & Mutations

You cannot be hasted, slowed, berserked, paralysed or teleported.
You can dig through walls and to a lower floor.
You have a pair of large antennae on your head. (SInv)
Your four strong arms can wield two-handed weapons with a shield.


Message History

Throw: 2 darts (poison)
Press: ? - help, Q - select action, (/) - cycle Shift-Dir - straight line, f/p - Terence
Aim: Terence, wielding a +2 flail of protection and wearing a +0 chain mail (poisoned, 67% to hit)
You throw a poisoned dart. The poisoned dart hits Terence.
Terence asks, "Do you want it fast or slow?"
Terence hits you with a +2 flail of protection.
You climb upwards.
There is a stone staircase leading down here.
You hit Terence.
Terence is moderately wounded.
Terence looks more healthy.
Terence hits you with a +2 flail of protection!
Throw: dart (poison)
Press: ? - help, Q - select action, (/) - cycle Shift-Dir - straight line, f - Terence
Aim: Terence, wielding a +2 flail of protection and wearing a +0 chain mail (heavily wounded, 67% to hit)
You throw a poisoned dart. The poisoned dart hits Terence.
Terence is poisoned.
Terence is heavily wounded.
Terence barely misses you.
You hit Terence but do no damage.
Terence is heavily wounded.
Terence hits you with a +2 flail of protection.
You hit Terence but do no damage.
Terence is heavily wounded.
Terence barely misses you.
Terence hits you with a +2 flail of protection!
You hit Terence.
Terence is almost dead.
Terence says, "Don't bother to defend, it's senseless."
Terence hits you but does no damage.
You hit Terence but do no damage.
Terence is almost dead.
Terence hits you but does no damage.
You hit Terence but do no damage.
Terence is almost dead.
Terence hits you with a +2 flail of protection.
* * * LOW HITPOINT WARNING * * *
You barely miss Terence.
Terence is almost dead.
Terence hits you with a +2 flail of protection!
You die...

#.#.####.####.......
#.#.# #.# #....... #.#.#
#.####...#### #.#.#
#........# # #...#
######...####
#####..#### #.......
#......)..# #...####
#.###..##.# #...#
#.###.@##.######...#
#......@...........#
#####.##..#######..#
####.##..# #..#
#........# #..# ##
#.##.##..# #..###.
#.##.##..#######..##.†
###.##.##...........##..
#≈≈≈≈≈≈≈≈.≈≈≈≈≈≈≈≈#.##.#


You could see Terence (poisoned).

Vanquished Creatures
  An adder (D:1)
  A ball python (D:1)
  A bat (D:1)
  2 endoplasms (D:1)
  3 giant cockroaches (D:1)
  A goblin (D:1)
  A hobgoblin (D:1)
  4 quokkas (D:1)
  4 frilled lizards (D:1)
  5 kobolds (D:1)
  4 rats (D:1)
27 creatures vanquished.

Notes
Turn   | Place    | Note
-------+----------+-------------------------------------------
     0 | Abyss:1  | Godmorgon the Formicid Abyssal Knight began the quest for
                  | the Orb.
     0 | Abyss:1  | Reached XP level 1. HP: 18/18 MP: 2/2
     1 | D:1      | Escaped the Abyss
   171 | D:1      | Reached XP level 2. HP: 21/24 MP: 3/3
   259 | D:1      | Reached skill level 1 in Throwing
   493 | D:1      | Reached XP level 3. HP: 29/29 MP: 4/4
   635 | D:1      | Reached *** piety under Lugonu
  1092 | D:2      | Noticed Terence
  1106 | D:1      | Slain by Terence

Illustrated notes

Levels and vault maps discovered:
D:1:      heliophobic_arrival_glass_houses, layout_loops_ring,
          corexii_leaking_fountain
D:2:      layout_loops_ring, shapermc_ecumenical_altar_venn, moated_statue,
          nicolae_elevator_lobby_asterisk, uniq_terence

Skill      XL: |  1  2 |
---------------+-------+-----
Throwing       | 1 |  1.4
Fighting       | |  3.6
Maces & Flails | |  2.6
Armour         | |  2.1
Dodging        | |  0.8
Invocations    | |  2.7

Action                   || total
-------------------------++-------
Melee: Mace              ||    81
Throw: Dart              ||     6
 Stab: Sleeping          ||     1
Armor: Leather armour    ||    19
       Scale mail        ||    13
Dodge: Dodged            ||    47
